 Dungeon Crawl Stone Soup version 0.02-32-ge3bdf778cf (webtiles) character file.

Game seed: 8832728638043206970, levelgen mode: deterministic

1728 HoaS the Grappler (level 9, -3/24 HPs) Gargoyle Gladiator. Began on Aug 19, 2020. Slain by a war dog (12 damage) ... led by Grum ... on level 4 of the Dungeon. The game lasted 00:13:17 (3659 turns).

HoaS the Grappler (Gargoyle Gladiator)              Turns: 3659, Time: 00:13:20

Health: -3/24      AC:  0    Str: 20    XL:     9 ^: 2179
Magic:  10/10      EV: 14    Int: 10    God:
Gold:   101        SH:  0    Dex: 11    Spells: 8/8 levels left

rFire    . . .     Vision   .     - Unarmed
rCold    . . .     Gourm    .     - Unarmed
rNeg     + . .     Faith    .   (armour currently unavailable)
rPois    ∞         Spirit   .   (helmet currently unavailable)
rElec    .         Reflect  .   (cloak currently unavailable)
rCorr    .         Harm     .   (gloves currently unavailable)
MR       .....                  (boots currently unavailable)
Stlth    +.........             (no amulet)
HPRegen  0.18/turn              (ring currently unavailable)
MPRegen  0.20/turn              (ring currently unavailable)

@: pig-form, very quick
A: small, negative energy resistance 1, petrification resistance, rot immunity,
AC +6
a: no special abilities


You were on level 4 of the Dungeon.
You were not hungry.
You were a filthy swine.
You visited 1 branch of the dungeon, and saw 4 of its levels.

You collected 101 gold pieces.

Inventory:

Armour
 b - a +0 helmet (melded)
 n - a +0 chain mail (melded)
Jewellery
 k - a ring of strength (melded)
 o - a cursed amulet of regeneration {(Curse: -Tele MR-)}
Wands
 c - a wand of ensnaring (9)
 p - a wand of acid (10)
Scrolls
 e - 3 scrolls of teleportation
 f - 3 scrolls of enchantment
 g - a scroll of fear
Potions
 a - 2 potions of heal wounds
 h - 2 potions of magic
 i - 2 potions of might
 j - 2 potions of curing
 m - a potion of agility
Comestibles
 d - 10 rations
 l - 8 chunks of flesh


   Skills:
 - Level 2.1 Fighting
 - Level 2.4 Dodging
 + Level 11.5 Unarmed Combat
 - Level 1.7 Evocations


You had 8 spell levels left.
You didn't know any spells.
Your spell library was empty.

Dungeon Overview and Level Annotations

Branches:
Dungeon (4/8)
 Temple: D:4

Altars:
Ru
Uskayaw
Vehumet

Annotations:
D:4 Grum


Innate Abilities, Weirdness & Mutations

You are resistant to torment.
((Your stone body is resilient. (AC +6)))
You are immune to poison.
You resist negative energy. (rN+)
((You are resistant to electric shocks. (rElec)))
((You can survive without breathing.))
You are immune to petrification.
You are immune to rotting.


Message History

You feel weaker.
The ogre shouts!
You hit Grum (4).
Grum is lightly wounded. (34/38) HP You hit Grum but do no damage.
Grum is lightly wounded. (34/38) HP The war dog closely misses you (0).
The war dog bites you (1). Grum closely misses you (0).
You hit Grum (3).
Grum is lightly wounded. (31/38) HP You hit Grum (5).
Grum is moderately wounded. (26/38) HP The war dog bites you (5).
You hit Grum (5).
Grum is heavily wounded. (21/38) HP You hit Grum (2).
Grum is heavily wounded. (19/38) HP The war dog bites you (12)!
Ouch! That really hurt!
You die...

... ........ ...
.......############ ...#
.......#........%.#.....
>......#..........#...#.
.......#............#...
##.....#....##..5g#...⌠.
.##....#....##.†h...#
#.#....'÷...##.hh.#...#
##.....#....##....# ...
.##....#..........+ #
.##....#..........#
##.....#..........#
#..÷..##########+#
#####............
#...#............


You could see Grum, 2 war dogs and a crimson imp.

Vanquished Creatures
  A war dog (D:4)
  A water moccasin (D:4)
  A porcupine (D:3)
  An ice beast (D:4)
  4 big kobolds
  A bullfrog (D:2)
  A scorpion (D:3)
  3 orc priests
  3 hounds
  5 jellies (D:2)
  2 orc wizards
  An iguana (D:3)
  5 worker ants
  A water moccasin skeleton (D:3)
  A bullfrog zombie (D:4)
  A shadow imp (D:3)
  5 adders
  17 sewer rats (D:2)
  4 worms
  8 cinder newts
  6 oozes
  A dart slug (D:1)
  7 leopard geckos
  3 orcs (D:3)
  2 adder skeletons
  3 ball pythons
  4 bats
  3 giant cockroaches
  3 goblins (D:1)
  A hobgoblin (D:1)
  4 jackals (D:3)
  2 quokkas (D:3)
  2 bat skeletons (D:2)
  2 jackal skeletons (D:3)
  23 kobolds
  An orc skeleton (D:2)
  4 rats (D:1)
  A rat skeleton (D:2)
  9 withered plants (D:2)
147 creatures vanquished.

Vanquished Creatures (others)
  A crocodile (D:2)
  A jelly (D:2)
  8 sewer rats (D:2)
  An ooze (D:2)
  2 giant cockroaches (D:2)
  A giant blowfly (D:2)
  A slimehead (D:2)
  153 withered plants (D:2)
168 creatures vanquished.

Grand Total: 315 creatures vanquished

Notes
Turn   | Place    | Note
-------+----------+-------------------------------------------
     0 | D:1      | HoaS the Gargoyle Gladiator began the quest for the Orb.
     0 | D:1      | Reached XP level 1. HP: 12/12 MP: 2/2
    33 | D:1      | Reached XP level 2. HP: 17/17 MP: 3/3
   378 | D:1      | Reached skill level 4 in Unarmed Combat
   403 | D:1      | Reached XP level 3. HP: 16/21 MP: 4/4
   794 | D:2      | Noticed a big kobold
   848 | D:1      | Killed a big kobold
   848 | D:1      | Reached skill level 5 in Unarmed Combat
   848 | D:1      | Reached XP level 4. HP: 26/26 MP: 5/5
   874 | D:2      | Noticed a bullfrog
   884 | D:2      | Killed a bullfrog
   884 | D:2      | Reached skill level 6 in Unarmed Combat
   884 | D:2      | Reached XP level 5. HP: 30/30 MP: 6/6
   937 | D:2      | Reached XP level 6. HP: 20/35 MP: 7/7
   961 | D:2      | Reached skill level 7 in Unarmed Combat
  1117 | D:2      | Found a sacrificial altar of Ru.
  1374 | D:2      | Reached XP level 7. HP: 40/40 MP: 8/8
  1772 | D:2      | Reached skill level 8 in Unarmed Combat
  2094 | D:2      | Reached skill level 9 in Unarmed Combat
  2579 | D:2      | Reached XP level 8. HP: 44/44 MP: 9/9
  2811 | D:3      | Reached skill level 10 in Unarmed Combat
  2833 | D:3      | Found a hide-covered altar of Uskayaw.
  3595 | D:4      | Reached skill level 11 in Unarmed Combat
  3600 | D:4      | Found a radiant altar of Vehumet.
  3645 | D:4      | Noticed Grum
  3655 | D:4      | Reached XP level 9. HP: 35/48 MP: 10/10
  3659 | D:4      | Slain by a war dog

Levels and vault maps discovered:
D:1:      lightli_arrival_boilingwater, layout_basic, serial_glass,
          glass_columns_b, glass_columns_a, hangedman_decor_diamond_cutter,
          hangedman_abyss_or_decor_stabs, grunt_decor_resistance
D:2:      layout_sewer, bcadren_lemuel_inverted_doored_altar
D:3:      layout_cave_pods, eat_drink_and_be_merry_uskayaw, first_ration
D:4:      layout_gridville, nemelex_xobeh_ov_fountains_minmay,
          marbit_many_paths, minmay_temple_entry_sparse_star, serial_shops,
          nicolae_shop_overgrown_old_shop, basic_altar, uniq_grum

Skill      XL: |  1  2  3  4  5  6  7  8 |
---------------+-------------------------+-----
Unarmed Combat | 4 5 6 7 9 11 | 11.5
Fighting       | |  2.1
Dodging        | |  2.4
Evocations     | |  1.7

Action                   |  1- 3 |  4- 6 |  7- 9 || total
-------------------------+-------+-------+-------++-------
Melee: Unarmed           |   142 |   167 |   393 ||   702
  Eat: Chunk             |       |     2 |     8 ||    10
Armor: Leather armour    |     2 |       |       ||     2
       Ring mail         |    20 |    21 |    22 ||    63
       Chain mail        |       |       |    44 ||    44
Dodge: Dodged            |    45 |    53 |    74 ||   172
